 Dungeon Crawl Stone Soup version 0.18.1-48-g4cf74bf (webtiles) character file.

74 Krovax1 the Ruffian (level 4, 0/38 HPs)
             Began as a Naga Transmuter on July 20, 2016.
             Killed from afar by an orc wizard (5 damage)
             ... with a puff of flame
             ... on level 4 of the Dungeon.
             The game lasted 00:19:37 (3367 turns).

Krovax1 the Ruffian (Naga Transmuter)               Turns: 3367, Time: 00:19:38

Health: 0/38       AC:  3    Str: 14    XL:     4   Next: 30%
Magic:  6/7        EV:  5    Int: 13    God:
Gold:   210        SH:  0    Dex: 11    Spells: 3 memorised, 1 level left

rFire  . . .     SeeInvis +       - Unarmed
rCold  . . .     Gourm    .     b - +0 robe
rNeg   . . .     Faith    .     (no shield)
rPois  +         Spirit   .     (no helmet)
rElec  .         Dismiss  .     m - +0 cloak
rCorr  .         Reflect  .     (no gloves)
SustAt .         Harm     .     (no barding)
MR     .....                    (no amulet)
Stlth  +++.......               (no ring)
                                t - ring of stealth

@: appendage (expiring), very slow, not resistant to hostile enchantments,
fairly stealthy
A: horns 2, see invisible, deformed body, poison resistance, slowness 2, slow
metabolism 1, spit poison 2, AC +1
a: Spit Poison, End Transformation


You were on level 4 of the Dungeon.
You were not hungry.
You had grown temporary horns.
You visited 1 branch of the dungeon, and saw 4 of its levels.

You collected 210 gold pieces.

Inventory:

Hand Weapons
 q - a cursed -2 whip
Missiles
 a - 12 arrows
Armour
 b - a +0 robe (worn)
 h - a +0 robe
 m - a +0 cloak (worn)
Jewellery
 t - a ring of stealth (left hand)
Scrolls
 f - 2 scrolls of identify
 k - 2 scrolls of magic mapping {unknown}
 o - 4 scrolls of remove curse
 s - a scroll of amnesia {unknown}
Potions
 e - 3 potions of resistance
 g - a potion of flight {unknown}
 j - 2 potions of haste {unknown}
 n - a potion of lignification {unknown}
 p - a potion of might {unknown}
 r - a potion of heal wounds {unknown}
 u - a potion of agility {unknown}
Books
 c - a book of Changes

   Spells                             Type                      Level
   a - Beastly Appendage              Transmutation                1
   b - Sticks to Snakes               Transmutation                2
   c - Spider Form                    Transmutation/Poison         3
   d - Ice Form                       Ice/Transmutation            4
   e - Blade Hands                    Transmutation                5
Comestibles
 d - 3 bread rations
 l - a meat ration


   Skills:
 - Level 1.3 Fighting
 - Level 2.0 Dodging
 + Level 2.4 Stealth
 - Level 3.6 Unarmed Combat
 - Level 2.3 Spellcasting
 - Level 2.5 Transmutations


You had one spell level left.
You knew the following spells:

 Your Spells              Type           Power        Failure   Level  Hunger
a - Beastly Appendage     Trmt           #.....       10%         1    #......
b - Sticks to Snakes      Trmt           #.......     14%         2    ###....
c - Spider Form           Trmt/Pois      #.........   52%         3    ###....


Dungeon Overview and Level Annotations

Branches:
Dungeon (4/15)
 Temple: D:4-7

Altars:
Ashenzari
Fedhas
Gozag
Okawaru
Pakellas

Shops:
D:3 }


Innate Abilities, Weirdness & Mutations

You cannot wear boots.
Your serpentine skin is tough (AC +1).
You have supernaturally acute eyesight.
Armour fits poorly on your strangely shaped body.
Your system is resistant to poisons.
You cover ground very slowly.
You have a slow metabolism.
You can spit poison.
You have a pair of horns on your head.


Message History

The orc wizard blinks!
The orc wizard gestures wildly while chanting.
The orc wizard flickers and vanishes for a moment.
The worm bites you.
You hit the worm but do no damage.
The worm is heavily wounded.
Your transformation is almost over.
You barely miss the worm.
You headbutt the worm, but do no damage.
The worm is heavily wounded.
The orc wizard gestures at you while chanting.
The magic dart hits you!
The orc wizard gestures at you while chanting.
The puff of flame hits you!
* * * LOW HITPOINT WARNING * * *
The worm barely misses you.
You can't go down here!
The orc wizard points at you and mumbles some strange words.
The puff of flame hits you!
You die...

.........#
.....>...
.........
.........
.....o..##
.........#
.....o...#
...o..o@w#
..?...o..#
..........#
........#...
#.(....###...
####### .##..
# #


You could see a worm, 3 orc wizards and 2 orcs.

Vanquished Creatures
  An adder (D:3)
  3 worms
  A dart slug (D:2)
  2 giant geckos (D:3)
  An orc (D:3)
  3 giant cockroaches
  7 goblins
  6 hobgoblins
  2 jackals (D:3)
  6 kobolds
  A ball python (D:3)
  3 bats
  3 giant newts (D:2)
  14 rats
53 creatures vanquished.

Notes
Turn   | Place    | Note
--------------------------------------------------------------
     0 | D:1      | Krovax1 the Naga Transmuter began the quest for the Orb.
     0 | D:1      | Reached XP level 1. HP: 18/18 MP: 3/3
   721 | D:1      | Reached XP level 2. HP: 23/25 MP: 5/5
   728 | D:1      | Learned a level 2 spell: Sticks to Snakes
  1465 | D:2      | Reached XP level 3. HP: 25/31 MP: 6/6
  1473 | D:2      | Learned a level 3 spell: Spider Form
  1914 | D:2      | Found a blossoming altar of Fedhas.
  2406 | D:3      | Found an oddly glowing altar of Pakellas.
  2406 | D:3      | Found Pakellas's Prime Provisions.
  2811 | D:3      | Reached XP level 4. HP: 9/38 MP: 7/7
  2814 | D:3      | Reached skill level 1 in Stealth
  3228 | D:3      | Found an opulent altar of Gozag.
  3228 | D:3      | Found a shattered altar of Ashenzari.
  3229 | D:3      | Found an iron altar of Okawaru.
  3367 | D:4      | Killed from afar by an orc wizard

Skill      XL: |  1  2  3  4 |
---------------+-------------+-----
Dodging        | 2 |  2.0
Stealth        | 2 |  2.4
Fighting       | |  1.3
Unarmed Combat | |  3.6
Spellcasting   | |  2.3
Transmutations | |  2.5

Action                   |  1- 3 |  4- 6 || total
-------------------------+-------+-------++-------
Melee: Unarmed           |   194 |    30 ||   224
       Headbutt          |     5 |     2 ||     7
       Punch             |     1 |     2 ||     3
 Cast: Beastly Appendage |    14 |     4 ||    18
 Abil: Spit Poison       |     7 |     1 ||     8
  Use: Scroll            |     5 |       ||     5
       Potion            |       |     1 ||     1
 Stab: Sleeping          |     3 |     2 ||     5
  Eat: Chunk             |     2 |       ||     2
       Meat ration       |     1 |       ||     1
       Beef jerky        |       |     1 ||     1
Armor: Robe              |    34 |     6 ||    40
Dodge: Dodged            |    82 |    15 ||    97
